 Dungeon Crawl Stone Soup version 0.30-a0-170-g85af917532 (webtiles) character file.

Game seed: 17064107732409647280

312 qw the Chopper (level 6, 0/38 HPs)
             Began as a Gargoyle Fighter on Sept 30, 2022.
             Slain by a black bear (3 damage)
             ... on level 4 of the Dungeon.
             The game lasted 00:01:17 (3543 turns).

qw the Chopper (Gargoyle Fighter)                   Turns: 3543, Time: 00:01:17

Health: 0/38       AC: 13    Str: 21    XL:     6   Next: 42%
Magic:  6/6        EV:  9    Int:  9    God:
Gold:   154        SH:  9    Dex:  9    Spells: 5/5 levels left

rFire   + . .      SeeInvis .    Y - +0 war axe
rCold   . . .      Faith    .    c - +0 buckler
rNeg    + . .      Spirit   .    b - +0 scale mail
rPois   inf        Reflect  +    n - +0 helmet
rElec   +          Harm     .    (no cloak)
rCorr   .          Rampage  .    a - +0 pair of gloves
Will    .....                    (no boots)
Stlth   ..........               e - amulet of reflection
HPRegen 0.12/turn                o - ring of protection from fire
MPRegen 0.10/turn                (no ring)

@: no status effects
A: sickness immunity, AC +4, negative energy resistance 1, electricity
resistance, torment resistance 1, petrification resistance
a: no special abilities


You were on level 4 of the Dungeon.
You visited 1 branch of the dungeon, and saw 4 of its levels.

You collected 154 gold pieces.


Innate Abilities, Weirdness & Mutations

You are immune to sickness and miasma.
Your stone body is resilient. (AC +4)
You are immune to poison.
You resist negative energy. (rN+)
You are resistant to electric shocks. (rElec)
You are resistant to unholy torment.
You are immune to petrification.


   Skills:
 - Level 4.1 Fighting
 + Level 5.4 Axes
 - Level 3.2 Armour
 - Level 1.0 Dodging
 - Level 3.2 Shields


You had 5 spell levels left.
You didn't know any spells.
Your spell library was empty.

Inventory:

Hand Weapons
 g - a +0 flail
 Y - a +0 war axe (weapon)
Armour
 a - a +0 pair of gloves (worn)
 b - a +0 scale mail (worn)
 c - a +0 buckler (worn)
 n - a +0 helmet (worn)
Jewellery
 e - an amulet of reflection (around neck)
 m - a ring of fire
 o - a ring of protection from fire (left hand)
Scrolls
 f - a scroll of identify
Potions
 d - a potion of might
 i - a potion of brilliance {unknown}
 k - a potion of curing {unknown}
 p - a potion of haste

Dungeon Overview and Level Annotations

Branches:
Dungeon (4/15)
 Temple: D:4-7

Altars:

Shops:
D:2 [


Message History

You hit the endoplasm. The endoplasm freezes you.
You are frozen.
The black bear goes berserk!
You closely miss the black bear.
The black bear is severely wounded.
You hit the endoplasm. The black bear bites you!
You block the black bear's attack.
The black bear claws you but does no damage.
The endoplasm closely misses you.
The black bear bites you but does no damage.
The black bear claws you but does no damage.
The black bear claws you.
You hit the endoplasm.
You kill the endoplasm!
You hit the black bear but do no damage.
The black bear barely misses you.
The black bear claws you but does no damage. x2
The black bear bites you but does no damage.
The black bear claws you but does no damage.
The black bear closely misses you.
You hit the black bear.
The black bear is almost dead.
The black bear bites you but does no damage.
You block the black bear's attack.
The black bear claws you but does no damage.
You block the black bear's attack. The black bear barely misses you.
The black bear claws you but does no damage.
You barely miss the black bear.
The black bear is almost dead.
The black bear bites you but does no damage.
You block the black bear's attack.
The black bear claws you but does no damage.
You block the black bear's attack. The black bear claws you.
The black bear barely misses you.
You completely miss the black bear.
The black bear is almost dead.
The black bear closely misses you. You block the black bear's attack.
The black bear claws you but does no damage.
The black bear closely misses you. The black bear claws you. x2
You die...

#...##...####.#.#
###.............#
#........####.#.#
..#####.#####...#
..# #.....##..##
..# #.###......#
..# #.# ####...#
..# #.# #.#.# ###
#.# #.#@# #.#
..#h%.....# #.#
..###....... #.
..# ....... ###
....... .......
....... .......


You could see a black bear (berserk).

Vanquished Creatures
  An orc priest (D:2)
  An iguana (D:4)
  2 orc wizards (D:3)
  Natasha (twice) (D:4)
  7 adders
  2 worms (D:2)
  2 dart slugs (D:1)
  5 orcs
  9 bats
  14 endoplasms
  4 giant cockroaches
  6 goblins
  4 hobgoblins
  2 jackals (D:2)
  2 quokkas (D:1)
  10 ball pythons
  6 frilled lizards
  3 kobolds
  5 rats
87 creatures vanquished.

Notes
Turn   | Place    | Note
-------+----------+-------------------------------------------
     0 | D:1      | qw the Gargoyle Fighter began the quest for the Orb.
     0 | D:1      | Reached XP level 1. HP: 14/14 MP: 1/1
     0 | D:1      | 0 ||| qw: Version: 0.2-a-12-gaebbb33
     0 | D:1      | 0 ||| qw: Game counter: 1539
     0 | D:1      | 0 ||| qw: Always use a shield: true
     0 | D:1      | 0 ||| qw: God list: Okawaru
     0 | D:1      | 0 ||| qw: Allow faded altars: false
     0 | D:1      | 0 ||| qw: Do Orc after D:15 true
     0 | D:1      | 0 ||| qw: Do second Lair branch before Depths: true
     0 | D:1      | 0 ||| qw: Lair rune preference: random
     0 | D:1      | 0 ||| qw: Plans: Normal, Zot:1-4, God:TSO, Crypt, Tomb,
                  | Pan, Slime:5, Hells, Abyss, Orb
     0 | D:1      | 0 ||| PLANNING D:1-11
    96 | D:1      | Reached skill level 2 in Axes
   104 | D:1      | 104 ||| Stepping ~*~*~tactically~*~*~ (hiding).
   245 | D:1      | Reached XP level 2. HP: 19/19 MP: 2/2
   252 | D:1      | 252 ||| Stepping ~*~*~tactically~*~*~ (stealth).
   294 | D:1      | 294 ||| Stepping ~*~*~tactically~*~*~ (stealth).
   445 | D:1      | Reached skill level 3 in Axes
   458 | D:1      | Reached XP level 3. HP: 21/23 MP: 3/3
   660 | D:1      | Found a faded altar of an unknown god.
   796 | D:1      | 796 ||| DROPPING +0 club.
  1038 | D:1      | 1038 ||| UPGRADING to +0 helmet.
  1043 | D:1      | 1043 ||| UPGRADING to amulet of reflection.
  1048 | D:1      | 1048 ||| UPGRADING to ring of protection from fire.
  1049 | D:1      | 1049 ||| READING scroll labelled FUC YBASAS.
  1054 | D:1      | 1054 ||| READING scroll labelled AZOECA HYCEF.
  1055 | D:1      | 1055 ||| READING scroll labelled NAIBLO MISTRU.
  1056 | D:1      | 1056 ||| READING 2 scrolls labelled WUNUYRHE CERPH.
  1057 | D:1      | 1057 ||| READING scroll labelled QEHICU DEGIEQ.
  1058 | D:1      | 1058 ||| DRINKING 2 fuming pink potions.
  1059 | D:1      | 1059 ||| DROPPING scroll of fog.
  1060 | D:1      | 1060 ||| DROPPING potion of flight.
  1196 | D:2      | Found Quompag's Armour Shop.
  1203 | D:2      | 1203 ||| SHOPLISTING +0 troll leather armour "Zeshel"
                  | {-Cast +Inv Regen+ Str+4} (395 gold, have 58).
  1203 | D:2      | 1203 ||| SHOPLISTING +3 chain mail of cold resistance (344
                  | gold, have 58).
  1251 | D:2      | 1251 ||| Stepping ~*~*~tactically~*~*~ (stealth).
  1299 | D:2      | Reached XP level 4. HP: 28/28 MP: 4/4
  1646 | D:2      | Reached skill level 4 in Axes
  1952 | D:2      | 1952 ||| UPGRADING to +0 pair of gloves.
  1957 | D:2      | 1957 ||| DROPPING orb of wrath.
  1958 | D:2      | 1958 ||| DROPPING ring of flight.
  1959 | D:2      | 1959 ||| READING scroll labelled OMYGRINTEE.
  1960 | D:2      | 1960 ||| READING 2 scrolls of identify.
  1960 | D:2      | 1960 ||| IDENTIFYING yellow potion
  1961 | D:2      | 1961 ||| DROPPING potion of invisibility.
  1976 | D:3      | 1976 ||| STAIRDANCE
  2007 | D:2      | 2007 ||| DROPPING +0 whip.
  2011 | D:3      | 2011 ||| STAIRDANCE
  2015 | D:2      | HP: 4/28 [orc priest/divine providence (14)]
  2017 | D:2      | Reached XP level 5. HP: 4/32 MP: 5/5
  2320 | D:3      | 2320 ||| FLEEEEING.
  2321 | D:3      | 2321 ||| STAIRDANCE
  2429 | D:3      | Reached skill level 5 in Axes
  3192 | D:3      | 3192 ||| Stepping ~*~*~tactically~*~*~ (stealth).
  3211 | D:3      | 3211 ||| Stepping ~*~*~tactically~*~*~ (hiding).
  3257 | D:3      | 3257 ||| Stepping ~*~*~tactically~*~*~ (stealth).
  3258 | D:3      | 3258 ||| Stepping ~*~*~tactically~*~*~ (stealth).
  3259 | D:3      | 3259 ||| READING 2 scrolls labelled EDITIE HEEJUYV.
  3260 | D:3      | 3260 ||| DRINKING 2 bubbling purple potions.
  3365 | D:3      | 3365 ||| DRINKING 2 black potions.
  3366 | D:3      | 3366 ||| READING 2 scrolls of identify.
  3366 | D:3      | 3366 ||| IDENTIFYING glowing cyan potion
  3367 | D:3      | 3367 ||| DROPPING potion of ambrosia.
  3368 | D:3      | 3368 ||| DROPPING scroll of fear.
  3369 | D:3      | 3369 ||| DROPPING potion of berserk rage.
  3419 | D:4      | Noticed Natasha
  3429 | D:4      | Killed Natasha
  3430 | D:4      | Reached skill level 1 in Dodging
  3430 | D:4      | Reached XP level 6. HP: 37/38 MP: 6/6
  3477 | D:4      | Noticed Natasha
  3483 | D:4      | Killed Natasha
  3523 | D:4      | Noticed a black bear
  3542 | D:4      | HP: 9/38 [black bear (6)]
  3543 | D:4      | HP: 3/38 [black bear (6)]
  3543 | D:4      | Slain by a black bear

Levels and vault maps discovered:
D:1:      onia_arrival_handbag, layout_loops_ring, basic_ecumenical_altar
D:2:      layout_basic, serial_shops, shop_statue
D:3:      layout_basic
D:4:      layout_rooms, mainiacjoe_overflow_surrounded_room,
          hangedman_abyss_or_decor_slice, minmay_checkerbox, uniq_natasha

Skill      XL: |  1  2  3  4  5 |
---------------+----------------+-----
Axes           | 2 3 4 5 |  5.4
Fighting       | 4 |  4.1
Dodging        | 1 |  1.0
Armour         | |  3.2
Shields        | |  3.2

Action                   |  1- 3 |  4- 6 || total
-------------------------+-------+-------++-------
Melee: War axe           |    92 |   144 ||   236
Throw: Boomerang         |    23 |    12 ||    35
  Use: Scroll            |     5 |     4 ||     9
       Potion            |     1 |     2 ||     3
Armor: Scale mail        |    44 |    89 ||   133
Dodge: Dodged            |    31 |    49 ||    80
Block: Buckler           |    10 |    52 ||    62

Table legend:
 A = Non-vault XP
 B = Vault XP
 C = Vault XP percentage of total XP
 D = Non-vault monster count
 E = Vault monster count
 F = Vault count percentage of total count
                 A         B        C        D         E       F
            +---------+---------+-------+---------+---------+-------
      Total |     396 |      50 |  11.2 |      81 |       6 |   6.9
            +---------+---------+-------+---------+---------+-------
        D:1 |      50 |       4 |   7.4 |      29 |       4 |  12.1
        D:2 |     113 |       0 |   0.0 |      25 |       0 |   0.0
        D:3 |     136 |       0 |   0.0 |      19 |       0 |   0.0
        D:4 |      97 |      46 |  32.2 |       8 |       2 |  20.0
            +---------+---------+-------+---------+---------+-------
